 Dungeon Crawl Stone Soup version 0.25.1-2-g60ff931df9 (webtiles) character file.

Game seed: 411375411615336016

219 tempo the Magician (level 5, -6/29 HPs)
             Began as a Deep Elf Wizard on Sept 28, 2020.
             Shot with an arrow by a centaur (16 damage)
             ... on level 4 of the Dungeon.
             The game lasted 00:07:48 (4216 turns).

tempo the Magician (Deep Elf Wizard)                Turns: 4216, Time: 00:07:49

Health: -6/29      AC:  8    Str:  4    XL:     5   Next: 63%
Magic:  9/15       EV: 11    Int: 24    God:
Gold:   170        SH:  0    Dex: 13    Spells: 5/16 levels left

rFire    + . .     SeeInvis .   p - +9 club
rCold    . . .     Gourm    .   (no shield)
rNeg     . . .     Faith    .   g - +0 leather armour
rPois    .         Spirit   .   q - +1 helmet
rElec    .         Reflect  .   o - +2 cloak
rCorr    .         Harm     .   (no gloves)
MR       .....                  (no boots)
Stlth    ++........             (no amulet)
HPRegen  0.09/turn              l - ring of protection from fire (curse)
MPRegen  0.14/turn              (no ring)

@: no status effects
A: no striking features
a: no special abilities


You were on level 4 of the Dungeon.
You were not hungry.

You visited 1 branch of the dungeon, and saw 4 of its levels.

You collected 170 gold pieces.

Inventory:

Hand Weapons
 p - a +9 club (weapon)
Missiles
 a - 19 bolts
Armour
 g - a +0 leather armour (worn)
 o - a +2 cloak (worn)
 q - a +1 helmet (worn)
Jewellery
 l - a cursed ring of protection from fire (left hand)
Scrolls
 c - 3 scrolls of identify {unknown}
 f - a scroll of blinking {unknown}
 i - a scroll of amnesia {unknown}
 j - a scroll of immolation {unknown}
 r - a scroll of remove curse {unknown}
 t - a scroll of teleportation {unknown}
Potions
 d - a potion of stabbing {unknown}
 e - a potion of mutation {unknown}
 h - 2 potions of might {unknown}
 k - a potion of curing {unknown}
 m - a potion of ambrosia {unknown}
 n - a potion of brilliance {unknown}
Comestibles
 b - a ration
 s - 3 chunks of flesh


   Skills:
 - Level 1.1 Fighting
 - Level 1.0 Armour
 - Level 2.4 Dodging
 - Level 2.4 Stealth
 * Level 6.3 Spellcasting
 * Level 3.2 Conjurations
 - Level 1.1 Summonings
 - Level 1.1 Translocations
 + Level 1.2 Air Magic
 + Level 1.7 Poison Magic


You had 5 spell levels left.
You knew the following spells:

 Your Spells              Type           Power        Failure   Level  Hunger
a - Magic Dart            Conj           ###.         3%          1    None
b - Mephitic Cloud        Conj/Pois/Air  ###.....     17%         3    None
c - Call Imp              Summ           ##......     13%         2    None
d - Blink                 Tloc           N/A          13%         2    None
e - Conjure Flame         Conj/Fire      ###.....     21%         3    None

Your spell library contained the following spells:

 Spells                   Type           Power        Failure   Level  Hunger
 Slow                     Hex            #.......     21%         2    None


Dungeon Overview and Level Annotations

Branches:
Dungeon (4/15)
 Temple: D:4-7

Altars:
Gozag
Qazlal
Trog

Shops:
D:2 *


Message History

Aim: a hound (severely wounded, confused)
The magic dart hits the hound.
The hound is almost dead.
Casting: Magic Dart (safe; 3% risk of failure)
Confirm with . or Enter, or press ? or * to list all spells.
Aiming: Magic Dart (safe; 3% risk of failure)
Press: ? - help, Shift-Dir - straight line, f/p - hound
Aim: a hound (almost dead, confused)
The magic dart hits the hound.
You kill the hound!
You butcher the worker ant corpse.
s - 3 chunks of flesh You hear the rusting of a very distant drain.
Found a scroll labeled ZILUGROMIT.
t - a scroll labeled ZILUGROMIT The centaur shouts!
The centaur wields a +2 shortbow of flaming.
It bursts into flame!
The centaur shoots an arrow.
The arrow hits you!
Ouch! That really hurt!
You die...

##.#..# ...
##.#.<#####.(.c.##
#................#
.......###..#.#..#
.....#.# .......#
###.##.#..<...##.#
##.......#.#####.#####
....##.....#.........#
##.###.......#..@###.#
#.# .......###.## #.#
#.##..#...## ## ##.##
#.##...!...# #...##
#.......###. #.#..#
##.....## #....#
#.....# ####.# #.....#
#.# #.....# #.#


You could see a centaur.

Vanquished Creatures
  A hound (D:4)
  A jelly (D:3)
  2 worker ants (D:4)
  Robin (D:3)
  8 oozes (D:3)
  2 dart slugs
  2 leopard geckos
  An orc (D:3)
  3 bats
  10 goblins
  9 hobgoblins
  3 frilled lizards
  11 kobolds
  A leopard gecko skeleton (D:4)
  11 rats
66 creatures vanquished.

Vanquished Creatures (others)
  7 fungi (D:3)
  6 toadstools (D:3)
13 creatures vanquished.

Grand Total: 79 creatures vanquished

Notes
Turn   | Place    | Note
-------+----------+-------------------------------------------
     0 | D:1      | tempo the Deep Elf Wizard began the quest for the Orb.
     0 | D:1      | Reached XP level 1. HP: 10/10 MP: 7/7
   457 | D:1      | Reached XP level 2. HP: 16/16 MP: 7/9
  1264 | D:2      | Found Gozag's Platinum Reserve.
  1272 | D:2      | Found a bloodstained altar of Trog.
  1304 | D:2      | Reached skill level 5 in Spellcasting
  1464 | D:2      | Found an opulent altar of Gozag.
  1536 | D:2      | Found a stormy altar of Qazlal.
  1882 | D:3      | Reached XP level 3. HP: 15/20 MP: 0/11
  1904 | D:3      | Learned a level 3 spell: Mephitic Cloud
  1907 | D:3      | Learned a level 2 spell: Call Imp
  1910 | D:3      | Learned a level 2 spell: Blink
  1914 | D:3      | Learned a level 3 spell: Conjure Flame
  2132 | D:3      | Reached skill level 1 in Armour
  2356 | D:3      | Reached skill level 1 in Fighting
  2356 | D:3      | Reached XP level 4. HP: 4/25 MP: 8/13
  3180 | D:3      | Noticed Robin
  3474 | D:3      | Reached skill level 1 in Poison Magic
  3556 | D:3      | Killed Robin
  4061 | D:4      | Noticed a centaur
  4074 | D:4      | Reached XP level 5. HP: 24/29 MP: 9/15
  4087 | D:4      | Reached skill level 6 in Spellcasting
  4118 | D:4      | HP: 1/29 [poisoned by a worker ant]
  4184 | D:4      | Reached skill level 1 in Air Magic
  4216 | D:4      | Shot with an arrow by a centaur

Illustrated notes

Levels and vault maps discovered:
D:1:      giann_horns, layout_basic
D:2:      layout_basic, lightli_temple_of_fire, lemuel_crystal_altar,
          wad_floor_pattern_2, nicolae_gozag_zags_fifth_avenue
D:3:      cheibrodos_fertilizer, layout_rooms, uniq_robin
D:4:      layout_loops_cross, led_sif_book, kennysheep_mini_moat, first_ration,
          portal_sewer_entry_b

Skill      XL: |  1  2  3  4  5 |
---------------+----------------+-----
Spellcasting   | 5 6 |  6.3
Armour         | 1 |  1.0
Fighting       | 1 |  1.1
Conjurations   | 2 3 |  3.2
Poison Magic   | 1 |  1.7
Air Magic      | 1 |  1.2
Dodging        | |  2.4
Stealth        | |  2.4
Summonings     | |  1.1
Translocations | |  1.1

Action                   |  1- 3 |  4- 6 || total
-------------------------+-------+-------++-------
Melee: Unarmed           |    10 |    10 ||    20
       Club              |       |     6 ||     6
 Cast: Magic Dart        |    59 |   104 ||   163
       Conjure Flame     |     5 |       ||     5
       Mephitic Cloud    |       |     2 ||     2
 Stab: Confused          |       |     2 ||     2
  Eat: Chunk             |     1 |     3 ||     4
       Ration            |     1 |     1 ||     2
Armor: Leather armour    |     6 |    15 ||    21
Dodge: Dodged            |    19 |    34 ||    53
